 Dungeon Crawl Stone Soup version 0.32-a0-163-g159c032296 (webtiles) character file.

Game seed: 13990080383829706192

8152 freelancePsychic the Fighter (level 11, 0/99 HPs)
             Began as a Black Draconian Wanderer on Feb 7, 2024.
             Was an Elder of Fedhas.
             Slain by an orange demon (8 damage)
             ... led by Amaemon
             ... on level 9 of the Dungeon on Feb 11, 2024.
             The game lasted 00:20:42 (10793 turns).

freelancePsychic the Fighter (DrWn)                Turns: 10793, Time: 00:20:42

Health: 0/99       AC: 13    Str: 17    XL:     11   Next: 6%
Magic:  17/18      EV: 11    Int: 10    God:    Fedhas [****..]
Gold:   200        SH:  0    Dex: 15    Spells: 12/12 levels left

rFire   + . .        b - +0 orcbow
rCold   + + .        (shield currently unavailable)
rNeg    . . .        (body armour unavailable)
rPois   +            y - +2 hat
rElec   +            g - scarf {rC+ rF+}
rCorr   .            k - +2 pair of gloves
SInv    .            (no boots)
Will    +....        (no amulet)
Stlth   ++           v - ring of poison resistance
HPRegen 0.36/turn    f - ring of willpower
MPRegen 0.16/turn

%: no passive effects
@: lethally poisoned (0 -> -24), short of breath, hasted, very quick
A: breathe lightning, AC +7, unfitting armour, electricity resistance,
cold-blooded, cold resistance 1, shaggy fur 1
a: Breathe Lightning, Renounce Religion, Wall of Briars, Grow Ballistomycete,
Overgrow


You were on level 9 of the Dungeon.
You worshipped Fedhas.
Fedhas was greatly pleased with you.
You visited 1 branch of the dungeon, and saw 11 of its levels.
You also visited: Sewer.

You collected 397 gold pieces.
You spent 197 gold pieces at shops.

Inventory:

Hand Weapons
 a - a +2 short sword of venom
 b - a +0 orcbow (weapon)
 G - a +1 dagger of electrocution
Armour
 g - a scarf of resistance (worn)
 k - a +2 pair of gloves (worn)
 y - a +2 hat (worn)
Jewellery
 f - a ring of willpower (right hand)
 q - an amulet of guardian spirit
 v - a ring of poison resistance (left hand)
Wands
 h - a wand of flame (34)
 C - a wand of charming (6)
 I - a wand of digging (6)
Scrolls
 c - 3 scrolls of teleportation {@r4}
 e - 2 scrolls of fog
 i - a scroll of summoning {unknown}
 j - a scroll of vulnerability
 l - a scroll of blinking
 o - 2 scrolls of immolation
 x - a scroll of poison {unknown}
 A - a scroll of amnesia {unknown}
 B - a scroll of acquirement {unknown}
 D - a scroll of brand weapon {unknown}
 E - a scroll of enchant weapon {unknown}
 H - 2 scrolls of identify {@r1}
Potions
 d - 4 potions of mutation
 n - 2 potions of lignification {unknown}
 p - 2 potions of degeneration {unknown}
 r - 3 potions of cancellation
 s - 3 potions of haste {@q3}
 t - 2 potions of attraction {unknown}
 u - a potion of might {unknown}
 z - 3 potions of heal wounds {unknown}
 F - a potion of resistance {unknown}
Miscellaneous
 w - a phial of floods


   Skills:
 + Level 10.0 Fighting
 - Level 3.5(4.6) Short Blades
 - Level 4.4(5.0) Long Blades
 * Level 9.7 Ranged Weapons
 - Level 1.0 Stealth
 - Level 1.0 Spellcasting
 - Level 2.4 Air Magic
 + Level 9.9 Invocations
 - Level 1.0 Evocations


You had 12 spell levels left.
You didn't know any spells.
Your spell library contained the following spells:

 Spells                   Type           Power      Damage    Failure   Level
 Static Discharge         Conj/Air       4%         3-4/arc   32%         2
 Slow                     Hex            0%         N/A       34%         1
 Cigotuvi's Dreadful Rot  Necr/Alch/Air  4%         N/A       36%         2
 Swiftness                Air            5%         N/A       36%         3
 Ensorcelled Hibernation  Hex/Ice        0%         N/A       45%         2
 Confusing Touch          Hex            0%         N/A       71%         3
 Dazzling Flash           Conj/Hex       0%         N/A       71%         3
 Inner Flame              Hex/Fire       0%         N/A       71%         3
 Ozocubu's Armour         Ice            0%         N/A       71%         3
 Passwall                 Erth           0%         N/A       71%         3
 Sigil of Binding         Hex            0%         N/A       71%         3
 Vampiric Draining        Necr           0%         2d6       71%         3
 Volatile Blastmotes      Fire/Tloc      0%         2d10      71%         3
 Brom's Barrelling Bould  Conj/Erth      0%         2d3       98%         4
 Flame Wave               Conj/Fire      0%         2d4       98%         4
 Sticky Flame             Fire/Alch      0%         2d4       98%         4
 Fireball                 Conj/Fire      0%         3d3       100%        5
 Iskenderun's Battlesphe  Conj           0%         2d6       100%        5
 Metabolic Englaciation   Hex/Ice        0%         N/A       100%        5
 Conjure Ball Lightning   Conj/Air       1%         3x3d6     100%        6
 Sculpt Simulacrum        Ice/Alch       0%         N/A       100%        6
 Starburst                Conj/Fire      0%         6d3       100%        6
 Haunt                    Necr/Summ      0%         N/A       100%        7
 Orb of Destruction       Conj           0%         9d5       100%        7
 Borgnjor's Revivificati  Necr           0%         N/A       100%        8
 Maxwell's Capacitive Co  Air            2%         ∞         100%        8
 Death's Door             Necr           0%         N/A       100%        9


Dungeon Overview and Level Annotations

Branches:
Dungeon (11/15)            Temple (0/1) D:7            Lair (0/5) D:9
  Sewer (visited)
    Orc: D:9-12

Altars:
Fedhas
Gozag
Vehumet
Zin

Shops:
D:5 =?(   D:10 [

Annotations:
D:6 3 runed translucent doors, Ceno's ghost, novice OpSh
D:9 Amaemon; Harold


Innate Abilities, Weirdness & Mutations

You can breathe wild blasts of lightning.
Your glossy black scales are hard. (AC +7)
You cannot fit into any form of body armour.
You are resistant to electric shocks. (rElec)
You are cold-blooded and may be slowed by cold attacks.
Your flesh is cold resistant. (rC+)
You are covered in fur. (AC +1)


Message History

Amaemon is moderately wounded.
You feel sick.
The scorpion disappears in a puff of smoke!
The orange demon stings you from afar.
Amaemon hits you with a +1 demon whip of venom!
You are more poisoned.
Amaemon claws you.
Amaemon tail-slaps you but does no damage.
Amaemon hits himself with a +1 demon whip of venom!
Amaemon looks as sick as possible!
Amaemon claws himself.
Amaemon tail-slaps himself.
You shoot an arrow. The arrow hits Amaemon!
Amaemon is severely wounded.
You feel very sick. The orange demon closely misses you.
Activating: Breathe Lightning (3% risk of failure)
Press: ? - help, Dir - look around, f - activate You breathe a wild blast of lightning!
The bolt of lightning hits you. You resist.
You feel very sick.
You hear a shout! x2
The orange demon stings you from afar.
* * * LOW HITPOINT WARNING * * *
You are lethally poisoned!
The orange demon poisons you!
Amaemon hits you with a +1 demon whip of venom.
* * * LOW HITPOINT WARNING * * *
Amaemon barely misses you. x2
A ballistomycete spore comes into view.
It was a potion of cancellation.
You feel magically purged.
* * * LOW HITPOINT WARNING * * *
You feel extremely sick. The orange demon misses you. Amaemon misses you. x2
Amaemon closely misses you.
It was a potion of haste.
You feel yourself speed up.
* * * LOW HITPOINT WARNING * * *
You feel extremely sick. The orange demon stings you from afar!
You die...
Fedhas appreciates your contribution to the ecosystem.

#######
......######+###
####...........# #
#....#### #.######## #
#....# #........# #
#....# #..@####.# #
#....######...6....#
####.........)..4*....#
............).....)...#
####'##########.......#
@.........# #...P...#
..........+ #..###..#
..........# #..# ....
....##....# #..# ..#


You could see Amaemon (confused, extremely poisoned, ally target), an orange
demon, a friendly ballistomycete (summoned) and a friendly ballistomycete spore.

Vanquished Creatures
  A two-headed ogre (D:11)
  Pikel (D:6)
  A manticore (D:11)
  Maggie (D:7)
  A hornet (D:8)
  Sigmund (D:6)
  A wyvern (D:8)
  11 yaks (D:11)
  A shadow (D:11)
  2 vampire mosquitoes (D:11)
  Menkaure (D:4)
  5 water moccasins
  3 orc warriors
  2 ice beasts
  2 black bears
  2 centaurs
  A phantom (D:5)
  4 lemures (D:6)
  A bullfrog (D:8)
  2 kobold brigands
  A scorpion (D:5)
  7 killer bees
  A bombardier beetle (D:6)
  3 hounds (D:6)
  6 jellies
  A gnoll bouda (D:8)
  5 orc priests
  An iguana (D:5)
  8 orc wizards
  Robin (D:2)
  4 gnolls
  5 adders
  4 river rats (Sewer)
  A shadow imp (D:7)
  2 ufetubi (D:6)
  2 dart slugs
  4 ribbon worms
  42 orcs
  10 ball pythons
  4 bats
  17 endoplasms
  3 giant cockroaches
  18 goblins
  11 hobgoblins
  9 jackals
  3 quokkas
  3 frilled lizards
  24 kobolds
  10 rats
254 creatures vanquished.

Vanquished Creatures (collateral kills)
  An unseen horror (D:11)
  A hornet (D:11)
  A vampire mosquito (D:11)
  A kobold brigand (D:11)
  3 killer bees
  A hound (D:6)
  A gnoll (D:8)
  2 orcs (D:8)
  24 ballistomycete spores
35 creatures vanquished.

Vanquished Creatures (others)
  A ballistomycete spore (D:11)
1 creature vanquished.

Grand Total: 290 creatures vanquished

Notes
Turn   | Place    | Note
-------+----------+-------------------------------------------
     0 | D:1      | freelancePsychic the Draconian Wanderer began the quest for
                  | the Orb.
     0 | D:1      | freelancePsychic set off with the following items: a +2
                  | falchion, a wand of flame (5), a scroll of teleportation
                  | {@r4}; and the following spells available to memorise:
                  | Static Discharge, Cigotuvi's Dreadful Rot.
     0 | D:1      | Reached XP level 1. HP: 16/16 MP: 2/2
    53 | D:1      | Found a faded altar of an unknown god.
    63 | D:1      | Prayed at the altar of an unknown god.
    63 | D:1      | Became a worshipper of Fedhas Madash
    63 | D:1      | Reached * piety under Fedhas
   140 | D:1      | Reached skill level 1 in Invocations
   140 | D:1      | Reached XP level 2. HP: 19/24 MP: 3/3
   202 | D:1      | Reached skill level 2 in Fighting
   331 | D:1      | Reached XP level 3. HP: 29/29 MP: 4/4
   682 | D:2      | Reached ** piety under Fedhas
   810 | D:2      | Noticed Robin
   834 | D:2      | Killed Robin
   871 | D:2      | Reached XP level 4. HP: 37/37 MP: 5/5
  1074 | D:2      | Reached skill level 3 in Fighting
  1967 | D:3      | Reached *** piety under Fedhas
  2284 | D:4      | Reached XP level 5. HP: 31/45 MP: 7/7
  2374 | D:4      | Noticed a water moccasin
  2380 | D:4      | Killed a water moccasin
  2381 | D:4      | Reached skill level 4 in Fighting
  2493 | D:4      | Reached XP level 6. HP: 51/53 MP: 9/9
  2554 | D:4      | Noticed Menkaure
  2970 | D:4      | Killed Menkaure
  2971 | D:4      | Reached skill level 5 in Fighting
  2971 | D:4      | Reached skill level 1 in Short Blades
  3167 | D:4      | Found a glowing silver altar of Zin.
  3169 | D:4      | Found a blossoming altar of Fedhas.
  3492 | D:4      | Noticed an ice beast
  3524 | D:4      | Killed an ice beast
  3525 | D:4      | Your scales start taking on a glossy black colour.
  3525 | D:4      | Reached XP level 7. HP: 45/61 MP: 10/10
  3525 | D:4      | Gained mutation: You are resistant to electric shocks.
                  | (rElec) [Black Draconian growth]
  3735 | D:4      | Reached skill level 5 in Invocations
  3814 | D:5      | Entered Level 5 of the Dungeon
  3815 | D:5      | Upgraded the game from 0.32-a0-128-g77eb882913 to
                  | 0.32-a0-163-g159c032296
  4006 | D:5      | Found Inanaosulo's Magic Scroll Shop.
  4014 | D:5      | Bought a scroll of blinking for 82 gold pieces
  4014 | D:5      | Bought a scroll of fear for 44 gold pieces
  4014 | D:5      | Bought a scroll of identify for 22 gold pieces
  4019 | D:5      | Found Mefeid's Weapon Emporium.
  4066 | D:5      | Found an opulent altar of Gozag.
  4161 | D:5      | Found a radiant altar of Vehumet.
  4339 | D:5      | Found Olug's Jewellery Boutique.
  4384 | D:5      | Reached skill level 1 in Ranged Weapons
  4730 | D:6      | Reached skill level 6 in Fighting
  4730 | D:6      | Reached XP level 8. HP: 54/70 MP: 12/12
  4752 | D:6      | Gained mutation: Your flesh is cold resistant. (rC+)
                  | [potion of mutation]
  4752 | D:6      | Gained mutation: You are covered in fur. (AC +1) [potion of
                  | mutation]
  4848 | D:6      | Reached **** piety under Fedhas
  4875 | D:6      | Noticed Pikel
  4894 | D:6      | Killed Pikel
  5005 | D:6      | Found a glowing drain.
  5011 | Sewer    | Entered a sewer
  5237 | Sewer    | Found a viscous altar of Jiyva.
  5246 | Sewer    | Reached skill level 7 in Fighting
  5554 | D:6      | Reached skill level 5 in Ranged Weapons
  5637 | D:6      | Found a runed translucent gate.
  5639 | D:6      | Found a runed translucent gate.
  5640 | D:6      | Found a runed translucent gate.
  5640 | D:6      | Found an opulent altar of Gozag.
  5642 | D:6      | Noticed Sigmund
  5642 | D:6      | Noticed Ceno's ghost (novice OpSh)
  5650 | D:6      | Killed Sigmund
  5651 | D:6      | Reached XP level 9. HP: 76/79 MP: 14/14
  5875 | D:5      | Bought a +0 orcbow for 49 gold pieces
  6315 | D:7      | Noticed Maggie
  6555 | D:7      | Found a staircase to the Ecumenical Temple.
  7213 | D:7      | Killed Maggie
  7220 | D:7      | Reached skill level 8 in Fighting
  7875 | D:8      | Reached XP level 10. HP: 55/90 MP: 12/16
  8497 | D:8      | You fall into a shaft and drop 3 floors!
  8730 | D:10     | Entered Level 10 of the Dungeon
  8776 | D:11     | Noticed a manticore
  8793 | D:11     | Killed a manticore
  8945 | D:11     | Reached skill level 9 in Fighting
  9330 | D:11     | Noticed a two-headed ogre
  9360 | D:11     | Killed a two-headed ogre
 10023 | D:10     | Found Feri Fyc's Armour Emporium.
 10141 | D:11     | HP: 4/93 [something (7)]
 10151 | D:11     | Reached skill level 10 in Fighting
 10151 | D:11     | Reached XP level 11. HP: 18/99 MP: 11/18
 10453 | D:9      | Found a staircase to the Lair.
 10665 | D:9      | Noticed Harold
 10768 | D:9      | Noticed Amaemon
 10793 | D:9      | Slain by an orange demon

Illustrated notes

Levels and vault maps discovered:
D:1:      dpeg_arrival_three_same_balls, layout_rooms,
          ebering_ecumenical_altar_mist, nicolae_figureground_pulse
D:2:      minmay_door_path, layout_basic, uniq_robin
D:3:      layout_basic
D:4:      layout_loops_ring, jmf_multi_god_temple, uniq_menkaure
D:5:      layout_basic, grunt_gozag_statues,
          mainiacjoe_overflow_concentric_impassable, serial_shops, shop,
          nicolae_shop_waterfront, shop
D:6:      layout_gridville, mainiacjoe_sewer_entry_somewhere_in_here_1,
          ebering_ghost_gozag, kb_lookout_dungeons_type, uniq_sigmund,
          uniq_pikel
D:7:      layout_rooms, minmay_temple_entry_sparse_star, uniq_maggie
D:8:      layout_rooms
D:9:      layout_stronghold, dpeg_oklobed_lair, uniq_maurice, uniq_amaemon,
          uniq_harold
D:10:     minmay_cornered_nines, layout_gridville, serial_shops, shop, shop,
          nicolae_shop_tiny_glass, shop, uniq_erolcha, uniq_gastronok
D:11:     layout_cave_pods

Skill      XL: |  1  2  3  4  5  6  7  8  9 10 |
---------------+-------------------------------+-----
Invocations    | 1 2 3 4 5 7 8 9 |  9.9
Fighting       | 2 3 4 5 6 7 8 10 | 10.0
Short Blades   | 2 3 |  3.5
Ranged Weapons | 2 5 7 9 |  9.7
Long Blades    | |  4.4
Stealth        | |  1.0
Spellcasting   | |  1.0
Air Magic      | |  2.4
Evocations     | |  1.0

Action                     |  1- 3 |  4- 6 |  7- 9 | 10-12 || total
---------------------------+-------+-------+-------+-------++-------
  Melee: Falchion          |    28 |       |       |       ||    28
         Tailslap          |    14 |    20 |    39 |     3 ||    76
         Dagger            |   100 |   174 |     6 |       ||   280
         Punch             |     3 |    13 |     5 |       ||    21
         Short sword       |       |    32 |   259 |    28 ||   319
   Fire: Orcbow            |       |       |   153 |   229 ||   382
 Invoke: Grow Ballistomyce |       |     1 |     3 |     4 ||     8
         Wall of Briars    |       |     1 |     5 |     7 ||    13
Ability: Breathe Lightning |       |       |     9 |     3 ||    12
  Evoke: Wand              |       |       |     1 |     3 ||     4
    Use: Scroll            |       |       |     8 |     3 ||    11
         Potion            |       |       |     3 |     6 ||     9
   Stab: Sleeping          |     1 |     7 |     1 |       ||     9
 Armour: Skin              |    88 |   119 |   365 |   274 ||   846
  Dodge: Dodged            |    73 |   106 |   271 |   137 ||   587

Table legend: (Time is in decaauts)
 A = Elapsed time spent in this place.
 B = Non-inter-level travel time spent in this place.
 C = Inter-level travel time spent in this place.
 D = Time resting spent in this place.
 E = Time spent auto-exploring this place.
 F = Levels seen in this place.
 G = Mean time per level.
                   A        B        C        D        E       F      G
               +--------+--------+--------+--------+--------+-----+--------+
         Total |  10772 |  10324 |    448 |     79 |   8102 |  12 |  897.7 |
       Dungeon |  10326 |   9878 |    448 |     79 |   7796 |  11 |  938.7 |
         Sewer |    445 |    445 |      0 |      0 |    305 |   1 |  445.0 |
               +--------+--------+--------+--------+--------+-----+--------+

Top non-repeatable levels by time:
    D:11: 1873 daAuts
     D:7: 1609 daAuts
     D:4: 1270 daAuts
     D:6: 1227 daAuts
     D:2: 1045 daAuts
     D:5: 897 daAuts
     D:3: 818 daAuts
     D:1: 636 daAuts
     D:8: 518 daAuts
   Sewer: 445 daAuts
     D:9: 348 daAuts
    D:10: 80 daAuts
